 Dungeon Crawl Stone Soup version 0.28.0-53-g5a82cb258f (webtiles) character file.

Game seed: 5854028260015541146

70 SanguineChosen the Skirmisher (level 4, -13/40 HPs)
             Began as a Minotaur Berserker on Aug 4, 2022.
             Was a Believer of Trog.
             Mangled by an ogre
             ... wielding a +0 giant club
              (31 damage)
             ... on level 4 of the Dungeon.
             The game lasted 00:11:27 (2638 turns).

SanguineChosen the Skirmisher (Minotaur Berserker)  Turns: 2638, Time: 00:11:27

Health: -13/40     AC:  9    Str: 24    XL:     4   Next: 4%
Magic:  3/3        EV:  8    Int:  4    God:    Trog [**....]
Gold:   140        SH:  0    Dex:  9    Spells: 3/3 levels left

rFire   . . .      SeeInvis .   a - +0 hand axe
rCold   . . .      Faith    .   (no shield)
rNeg    . . .      Spirit   .   e - +0 chain mail
rPois   .          Reflect  .   (helmet restricted)
rElec   .          Harm     .   (no cloak)
rCorr   .          Rampage  .   (no gloves)
Will    .....                   (no boots)
Stlth   ..........              (no amulet)
HPRegen 0.13/turn               (no ring)
MPRegen 0.08/turn               (no ring)

@: no status effects
A: horns 2, retaliatory headbutt
a: Renounce Religion, Berserk, Trog's Hand


You were on level 4 of the Dungeon.
You worshipped Trog.
Trog was pleased with you.
You visited 1 branch of the dungeon, and saw 4 of its levels.

You collected 140 gold pieces.

Inventory:

Hand Weapons
 a - a +0 hand axe (weapon)
Missiles
 k - 11 poisoned darts (quivered)
 l - 4 curare-tipped darts
Armour
 e - a +0 chain mail (worn)
 o - a scarf of invisibility
Jewellery
 m - a ring of poison resistance
Wands
 h - a wand of acid (6)
 n - a wand of flame (19)
Scrolls
 c - 2 scrolls of blinking
 g - 2 scrolls of teleportation
Potions
 b - a potion of heal wounds
 f - a potion of curing


   Skills:
 + Level 4.1 Fighting
 + Level 4.1 Axes
 + Level 3.1 Armour
 + Level 2.7 Dodging
 + Level 1.6 Shields
 + Level 1.1 Evocations


You had 3 spell levels left.
You didn't know any spells.
Your spell library was empty.

Dungeon Overview and Level Annotations

Branches:
Dungeon (4/15)
 Temple: D:4-7

Altars:
The Shining One


Innate Abilities, Weirdness & Mutations

You have a pair of horns on your head.
You reflexively headbutt those who attack you in melee.


Message History

There is a stone staircase leading up here.
You climb upwards.
There is a stone staircase leading down here.
There is an escape hatch in the floor here.
You see here a +0 hand axe.
There is an open door here.
There is an open door here.
There is a stone staircase leading down here.
You climb downwards.
There is a stone staircase leading up here.
You slash the ball python!
You kill the ball python!
Trog accepts your kill.
The ogre shouts!
A hound skeleton comes into view.
The hound skeleton moves out of view.
You closely miss the ogre. You headbutt the ogre.
The ogre is lightly wounded.
The ogre hits you with a +0 giant club!!
Ouch! That really hurt!
You slash the ogre!
The ogre is heavily wounded.
The ogre closely misses you.
You hit the ogre. Your punch misses the ogre.
The ogre is heavily wounded.
The ogre barely misses you.
You hit the ogre. Your headbutt misses the ogre.
The ogre is severely wounded.
You hit the ogre but do no damage.
The ogre is severely wounded.
The ogre closely misses you.
You barely miss the ogre.
The ogre is severely wounded.
The ogre barely misses you.
You hit the ogre.
The ogre is severely wounded.
You hit the hound skeleton. The hound skeleton barely misses you.
The ogre hits you with a +0 giant club!!
Ouch! That really hurt!
You die...

#####.......
............
##............
............##
.............
............
#..........
###.........#
....##O@......##.#
......Z###.......#
.....#.....<.....#
.....#.###.#######
....##. #........
... .. #########
###.# ## #<..#
#####


You could see an ogre and a hound skeleton.

Vanquished Creatures
  3 worms
  A dart slug (D:3)
  5 ball pythons
  2 bats
  5 endoplasms
  2 giant cockroaches
  8 goblins
  8 hobgoblins
  3 jackals (D:1)
  7 kobolds
  A quokka (D:1)
  2 frilled lizards
  7 rats
54 creatures vanquished.

Notes
Turn   | Place    | Note
-------+----------+-------------------------------------------
     0 | D:1      | SanguineChosen the Minotaur Berserker began the quest for
                  | the Orb.
     0 | D:1      | Reached XP level 1. HP: 19/19 MP: 0/0
    46 | D:1      | Reached XP level 2. HP: 17/27 MP: 1/1
   504 | D:1      | Reached ** piety under Trog
   521 | D:1      | Reached skill level 1 in Shields
   706 | D:1      | Reached XP level 3. HP: 33/33 MP: 2/2
  1474 | D:2      | Reached skill level 1 in Evocations
  1540 | D:2      | Found a glowing golden altar of the Shining One.
  1683 | D:2      | Found a faded altar of an unknown god.
  2400 | D:3      | Reached XP level 4. HP: 40/40 MP: 3/3
  2504 | D:4      | Noticed an ogre
  2638 | D:4      | Mangled by an ogre

Illustrated notes

Levels and vault maps discovered:
D:1:      dpeg_arrival_stonehenge_12_columns, layout_loops_ring
D:2:      layout_loops_ring, dreamdust_ecumenical_altar_angels_and_demons,
          basic_altar
D:3:      layout_basic, minmay_goblin_kobold_house
D:4:      minmay_opposing_rooms, layout_basic, minmay_misc_feat_ornament

Skill      XL: |  1  2  3 |
---------------+----------+-----
Shields        | 1 |  1.6
Fighting       | 4 |  4.1
Armour         | 3 |  3.1
Axes           | 4 |  4.1
Evocations     | 1 |  1.1
Dodging        | |  2.7

Action                   |  1- 3 |  4- 6 || total
-------------------------+-------+-------++-------
Melee: Hand axe          |   126 |     9 ||   135
       Headbutt          |    11 |     1 ||    12
       Punch             |     2 |       ||     2
Throw: Dart              |     2 |       ||     2
  Use: Scroll            |     7 |       ||     7
Armor: Animal skin       |     3 |       ||     3
       Chain mail        |    40 |       ||    40
Dodge: Dodged            |    60 |     5 ||    65
